 Dungeon Crawl Stone Soup version 0.28.0-1-gb440e238dd (webtiles) character file.

Game seed: 16428338212520938512

730 browni3141 the Chopper (level 7, -1/64 HPs)
             Began as a Minotaur Berserker on Feb 19, 2022.
             Was a Believer of Trog.
             Slain by an orc (5 damage)
             ... on level 5 of the Dungeon.
             The game lasted 00:03:59 (5500 turns).

browni3141 the Chopper (Minotaur Berserker)         Turns: 5500, Time: 00:04:00

Health: -1/64      AC:  2    Str: 24    XL:     7   Next: 44%
Magic:  6/6        EV: 12    Int:  4    God:    Trog [**....]
Gold:   192        SH:  0    Dex:  9    Spells: 6/6 levels left

rFire   . . .      SeeInvis .   w - +3 war axe (freeze)
rCold   . . .      Faith    .   (no shield)
rNeg    . . .      Spirit   .   b - +0 animal skin
rPois   .          Reflect  .   (helmet restricted)
rElec   .          Harm     .   (no cloak)
rCorr   .          Rampage  .   (no gloves)
Will    +....                   (no boots)
Stlth   +.........              (no amulet)
HPRegen 0.20/turn               M - ring of willpower
MPRegen 0.10/turn               (no ring)

@: on berserk cooldown, slowed, very slow
A: horns 2, retaliatory headbutt
a: Renounce Religion, Berserk, Trog's Hand


You were on level 5 of the Dungeon.
You worshipped Trog.
Trog was pleased with you.
You visited 2 branches of the dungeon, and saw 6 of its levels.

You collected 237 gold pieces.
You spent 45 gold pieces at shops.


Innate Abilities, Weirdness & Mutations

You have a pair of horns on your head.
You reflexively headbutt those who attack you in melee.


   Skills:
 * Level 6.6 Fighting
 * Level 6.7 Axes
 + Level 4.5 Armour
 - Level 2.1 Dodging
 * Level 4.2 Shields


You had 6 spell levels left.
You didn't know any spells.
Your spell library was empty.

Inventory:

Hand Weapons
 a - a +0 hand axe
 k - a +0 war axe
 w - a +3 war axe of freezing (weapon)
Missiles
 q - 4 javelins (quivered)
Armour
 b - a +0 animal skin (worn)
 p - a +0 tower shield
Jewellery
 M - a ring of willpower (left hand)
Wands
 m - a wand of flame (12)
Scrolls
 d - 3 scrolls of identify {unknown}
 e - a scroll of fear {unknown}
 f - a scroll of holy word {unknown}
 g - 2 scrolls of blinking {unknown}
 i - 2 scrolls of magic mapping {unknown}
 j - a scroll of noise {unknown}
 n - 3 scrolls of fog {unknown}
 r - 6 scrolls of teleportation {unknown}
 s - a scroll of enchant weapon {unknown}
 v - a scroll of summoning {unknown}
Potions
 c - a potion of brilliance {unknown}
 h - 3 potions of degeneration {unknown}
 l - a potion of heal wounds {unknown}
 o - a potion of haste {unknown}
 t - 2 potions of attraction {unknown}
 u - a potion of cancellation {unknown}
 x - a potion of lignification {unknown}

Dungeon Overview and Level Annotations

Branches:
Dungeon (5/15)             Temple (1/1) D:4

Altars:
Gozag
Sif Muna
Wu Jian
The Shining One

Shops:
D:2

[ .. #####. ....#
...... ...# ..... .
... .... ##.# ... ..#
....# #.# ..###....
#.# .......# ##.#
....#..# #.@# #...#.#
#######.##
###.#.###......o.#
#.....#.......^#
#.....#........#
#..(...†.......#
#......#........#
#......#........####
...##.#...........).#


You could see an orc.


Message History

* * * LOW HITPOINT WARNING * * *
The centaur barely misses you.
The orc wizard hits you with a +0 dagger.
* * * LOW HITPOINT WARNING * * *
You slash the orc wizard! You freeze the orc wizard.
You kill the orc wizard!
Trog accepts your kill.
Trog appreciates your killing of a magic user.
You barely miss the centaur. The centaur barely misses you.
The centaur closely misses you.
Your Shields skill increases to level 4!
You slice the centaur!! You freeze the centaur!
You kill the centaur!
Trog accepts your kill.
Things that are here:
a +0 dagger; a +0 robe You feel a strong urge to attack something.
You are no longer berserk.
You are exhausted.
You feel yourself slow down.
Things that are here:
a +0 spear; an adder corpse
Things that are here:
a +0 shortbow; 21 arrows {@f2} An orc comes into view.
It is wielding a +0 trident.
The orc hits you from afar with a +0 trident.
* * * LOW HITPOINT WARNING * * *
There is a stone staircase leading up here.
The orc hits you from afar with a +0 trident.
You die...

Skill      XL: |  1  2  3  4  5  6  7 |
---------------+----------------------+-----
Fighting       | 4 5 6 |  6.6
Axes           | 4 5 6 |  6.7
Armour         | 3 4 |  4.5
Shields        | 1 2 3 4 |  4.2
Dodging        | |  2.1

Action                   |  1- 3 |  4- 6 |  7- 9 || total
-------------------------+-------+-------+-------++-------
Melee: Hand axe          |    40 |       |       ||    40
       Headbutt          |     4 |     8 |       ||    12
       Punch             |     1 |       |       ||     1
       War axe           |     7 |   121 |     5 ||   133
Invok: Berserk           |     2 |    10 |     1 ||    13
Armor: Animal skin       |     9 |    12 |       ||    21
Dodge: Dodged            |    36 |    60 |     8 ||   104

Levels and vault maps discovered:
D:1:      scummos_arrival_simple_fountains, layout_basic,
          ebering_ecumenical_altar_abandoned
D:2:      layout_loops_ring, serial_shops, shop, kennysheep_generic_room_7,
          uniq_jessica
D:3:      layout_loops_ring, ebering_ghost_rock_garden,
          nicolae_underground_beach
D:4:      layout_basic, minmay_temple_entry_hall, hangedman_decor_push,
          uniq_natasha
D:5:      layout_rooms, minmay_circle_x
Temple:   nicolae_temple_the_god_donut

Notes
Turn   | Place    | Note
-------+----------+-------------------------------------------
     0 | D:1      | browni3141 the Minotaur Berserker began the quest for the
                  | Orb.
     0 | D:1      | Reached XP level 1. HP: 19/19 MP: 0/0
   402 | D:1      | Reached skill level 4 in Fighting
   402 | D:1      | Reached skill level 4 in Axes
   402 | D:1      | Reached XP level 2. HP: 23/27 MP: 1/1
   711 | D:1      | Found a faded altar of an unknown god.
   964 | D:2      | Reached XP level 3. HP: 31/33 MP: 2/2
  1164 | D:2      | Noticed Jessica
  1168 | D:2      | Killed Jessica
  1169 | D:2      | Reached skill level 3 in Armour
  1493 | D:2      | Reached XP level 4. HP: 41/41 MP: 3/3
  1690 | D:2      | Found Kyovvig's Armour Shoppe.
  1698 | D:2      | Bought a +0 tower shield for 45 gold pieces
  1813 | D:3      | Reached ** piety under Trog
  2359 | D:3      | Reached skill level 5 in Fighting
  2692 | D:3      | Found a runed translucent gate.
  2692 | D:3      | Found a runed translucent gate.
  2692 | D:3      | Found a runed translucent gate.
  2698 | D:3      | Noticed axecop's ghost (weakling HOAK)
  2707 | D:3      | Killed axecop's ghost
  2708 | D:3      | Reached skill level 5 in Axes
  2708 | D:3      | Reached skill level 1 in Shields
  2708 | D:3      | Reached XP level 5. HP: 48/48 MP: 4/4
  2978 | D:3      | Reached skill level 2 in Shields
  3785 | D:4      | Noticed Natasha
  3791 | D:4      | Killed Natasha
  3792 | D:4      | Reached XP level 6. HP: 56/56 MP: 5/5
  3850 | D:4      | Noticed Natasha
  3857 | D:4      | Killed Natasha
  3917 | D:4      | Noticed Natasha
  3927 | D:4      | Killed Natasha
  3929 | D:4      | Reached skill level 3 in Shields
  4111 | D:4      | Reached skill level 4 in Armour
  4737 | D:4      | Reached skill level 6 in Fighting
  4737 | D:4      | Reached skill level 6 in Axes
  5024 | D:4      | Found a staircase to the Ecumenical Temple.
  5032 | Temple   | Entered the Ecumenical Temple
  5448 | D:5      | Entered Level 5 of the Dungeon
  5466 | D:5      | Reached XP level 7. HP: 63/63 MP: 6/6
  5484 | D:5      | HP: 9/96 [centaur/arrow (3)]
  5487 | D:5      | Reached skill level 4 in Shields
  5499 | D:5      | HP: 4/64 [orc (3)]
  5500 | D:5      | Slain by an orc

Vanquished Creatures
  2 centaurs (D:5)
  The ghost of axecop the Skirmisher, a weakling HOAK of Lugonu (D:3)
  A hound (D:4)
  2 orc priests (D:4)
  Jessica (D:2)
  4 iguanas
  An orc wizard (D:5)
  Natasha (thrice) (D:4)
  2 hound skeletons (D:4)
  6 gnolls
  5 adders
  An adder skeleton (D:4)
  3 worms
  8 orcs
  5 ball pythons
  5 endoplasms
  2 giant cockroaches
  6 hobgoblins
  5 quokkas
  3 bats
  4 frilled lizards
  7 goblins
  5 kobolds
  3 rats
85 creatures vanquished.

Table legend: (Time is in decaauts)
 A = Elapsed time spent in this place.
 B = Non-inter-level travel time spent in this place.
 C = Inter-level travel time spent in this place.
 D = Time resting spent in this place.
 E = Time spent auto-exploring this place.
 F = Levels seen in this place.
 G = Mean time per level.
                   A        B        C        D        E       F      G
               +--------+--------+--------+--------+--------+-----+--------+
         Total |   5644 |   5570 |     74 |   1604 |   3337 |   6 |  940.7 |
       Dungeon |   5643 |   5569 |     74 |   1604 |   3337 |   5 | 1128.6 |
        Temple |      1 |      1 |      0 |      0 |      0 |   1 |    1.0 |
               +--------+--------+--------+--------+--------+-----+--------+

Top non-repeatable levels by time:
     D:4: 2124 daAuts
     D:3: 1671 daAuts
     D:2: 914 daAuts
     D:1: 878 daAuts
     D:5: 54 daAuts
  Temple: 1 daAuts

Table legend:
 A = Non-vault XP
 B = Vault XP
 C = Vault XP percentage of total XP
 D = Non-vault monster count
 E = Vault monster count
 F = Vault count percentage of total count
                 A         B        C        D         E       F
            +---------+---------+-------+---------+---------+-------
      Total |     751 |     292 |  28.0 |      78 |       7 |   8.2
            +---------+---------+-------+---------+---------+-------
        D:1 |      38 |       0 |   0.0 |      17 |       0 |   0.0
        D:2 |      30 |      40 |  57.1 |       9 |       3 |  25.0
        D:3 |     113 |      66 |  36.9 |      25 |       1 |   3.8
        D:4 |     398 |      35 |   8.1 |      23 |       1 |   4.2
        D:5 |     172 |     151 |  46.7 |       4 |       2 |  33.3
            +---------+---------+-------+---------+---------+-------
